 Dungeon Crawl Stone Soup version 0.26.1-11-gd32895ea62 (webtiles) character file.

Game seed: 14865214784059620192

25 Kukuleta the Insei (level 3, -1/26 HPs)
             Began as a Merfolk Transmuter on June 30, 2021.
             Slain by Sigmund
             ... wielding a +0 scythe
              (9 damage)
             ... on level 2 of the Dungeon.
             The game lasted 00:03:43 (1418 turns).

Kukuleta the Insei (Merfolk Transmuter)             Turns: 1418, Time: 00:03:44

Health: -1/26      AC:  2    Str: 11    XL:     3   Next: 6%
Magic:  5/6        EV: 13    Int: 12    God:
Gold:   33         SH:  0    Dex: 14    Spells: 3/6 levels left

rFire    . . .     SeeInvis .     - Unarmed
rCold    . . .     Faith    .   (no shield)
rNeg     . . .     Spirit   .   h - +0 robe (curse)
rPois    .         Reflect  .   (helmet currently unavailable)
rElec    .         Harm     .   (no cloak)
rCorr    .         Rampage  .   (no gloves)
Will     .....                  (boots currently unavailable)
Stlth    +.........             (no amulet)
HPRegen  0.08/turn              (no ring)
MPRegen  0.10/turn              (no ring)

@: appendages (expiring)
A: change form in water, swift swim, stealthy swim, horns 2
a: End Transformation


You were on level 2 of the Dungeon.
You had grown temporary horns.
You visited 1 branch of the dungeon, and saw 2 of its levels.

You collected 33 gold pieces.

Inventory:

Armour
 a - a +0 robe
 h - a cursed +0 robe (worn)
Scrolls
 f - a scroll of identify {unknown}
 g - a scroll of teleportation {unknown}
Potions
 b - a potion of curing {unknown}
 c - 2 potions of lignification {unknown}
 d - a potion of mutation {unknown}
 e - a potion of brilliance {unknown}


   Skills:
 + Level 1.1 Fighting
 + Level 2.9 Dodging
 + Level 3.8 Unarmed Combat
 + Level 2.4 Spellcasting
 + Level 3.0 Transmutations


You had 3 spell levels left.
You knew the following spells:

 Your Spells              Type           Power        Failure   Level
a - Beastly Appendage     Tmut           16%          8%          1
b - Wereblood             Tmut           8%           11%         2

Your spell library contained the following spells:

 Spells                   Type           Power        Failure   Level
 Spider Form              Tmut/Pois      2%           38%         3
 Ice Form                 Ice/Tmut       5%           80%         4
 Blade Hands              Tmut           4%           90%         5


Dungeon Overview and Level Annotations

Branches:
Dungeon (2/15)

Altars:

Annotations:
D:2 Sigmund


Innate Abilities, Weirdness & Mutations

You revert to your normal form in water.
You are very nimble and swift while swimming.
You are very stealthy in the water. (Stealth+)
You have a pair of horns on your head.


Message History

Sigmund hits you from afar with a +0 scythe!
A goblin comes into view. It is wielding a +0 club.
Your transformation is almost over.
The goblin shouts!
You hit Sigmund but do no damage. Sigmund gestures at you while chanting.
The puff of flame hits you!
You hit Sigmund but do no damage. Sigmund barely misses you.
You hit Sigmund but do no damage. You completely miss Sigmund.
Your headbutt misses Sigmund. Sigmund closely misses you.
You hit Sigmund.
Sigmund is lightly wounded.
Sigmund closely misses you.
You barely miss Sigmund.
Sigmund is lightly wounded.
You hit Sigmund.
Sigmund is lightly wounded.
Sigmund hits you with a +0 scythe!
You die...

## ### ... #..
..........#
#.###.........#
#..@g.........#.
##.@###..........
#..............#
###............+
#............#
#.....#<.....#
###......###.#...
#.'..........#
#.#..........#
#............#


You could see Sigmund and a goblin.

Vanquished Creatures
  2 dart slugs (D:1)
  A giant cockroach (D:1)
  3 goblins (D:1)
  5 hobgoblins (D:1)
  A quokka (D:2)
  A frilled lizard (D:1)
  4 kobolds (D:1)
  4 rats (D:1)
21 creatures vanquished.

Vanquished Creatures (others)
  5 plants (D:1)
5 creatures vanquished.

Grand Total: 26 creatures vanquished

Notes
Turn   | Place    | Note
-------+----------+-------------------------------------------
     0 | D:1      | Kukuleta the Merfolk Transmuter began the quest for the
                  | Orb.
     0 | D:1      | Reached XP level 1. HP: 15/15 MP: 3/3
   275 | D:1      | Reached XP level 2. HP: 13/21 MP: 3/5
   856 | D:1      | Learned a level 2 spell: Wereblood
  1066 | D:1      | Reached XP level 3. HP: 25/26 MP: 4/6
  1409 | D:2      | Noticed Sigmund
  1418 | D:2      | Slain by Sigmund

Illustrated notes

Levels and vault maps discovered:
D:1:      roderic_octagonal_star, layout_basic, serial_bayou,
          serial_bayou_crossing, serial_bayou_shore_a, serial_bayou_lake_a,
          serial_bayou_pond_c
D:2:      minmay_angry_zag, layout_basic, serial_undead, serial_undead_f,
          serial_undead_d, serial_undead_e, serial_undead_a, serial_undead_f,
          serial_undead_c, serial_undead_f, minmay_split_cup_small,
          uniq_sigmund, uniq_natasha

Skill      XL: |  1  2  3 |
---------------+----------+-----
Transmutations | 3 |  3.0
Fighting       | |  1.1
Dodging        | |  2.9
Unarmed Combat | |  3.8
Spellcasting   | |  2.4

Action                   || total
-------------------------++-------
Melee: Unarmed           ||    79
       Headbutt          ||    11
       Tailslap          ||     2
 Cast: Beastly Appendage ||    15
Armor: Robe              ||     2
Dodge: Dodged            ||    39
